 Dungeon Crawl Stone Soup version 0.25.0-46-gbd7b0854d2 (webtiles) character file.

Game seed: 9091304926787345821

172 Elvor the Bolt Thrower (level 5, -6/45 HPs)
             Began as a Minotaur Hunter on July 17, 2020.
             Mangled by an iguana (12 damage)
             ... on level 4 of the Dungeon.
             The game lasted 00:14:54 (1719 turns).

Elvor the Bolt Thrower (Minotaur Hunter)            Turns: 1719, Time: 00:14:55

Health: -6/45      AC:  3    Str: 18    XL:     5   Next: 27%
Magic:  4/4        EV:  9    Int:  8    God:
Gold:   95         SH:  8    Dex: 10    Spells: 4/4 levels left

rFire    . . .     SeeInvis .   b - +0 short sword
rCold    . . .     Gourm    .   h - +0 kite shield
rNeg     . . .     Faith    .   c - +0 leather armour
rPois    .         Spirit   .   (helmet restricted)
rElec    .         Reflect  .   (no cloak)
rCorr    .         Harm     .   (no gloves)
MR       .....                  (no boots)
Stlth    +.........             (no amulet)
HPRegen  0.15/turn              (no ring)
MPRegen  0.09/turn              (no ring)

@: no status effects
A: retaliatory headbutt, horns 2
a: no special abilities


You were on level 4 of the Dungeon.
You were not hungry.

You visited 1 branch of the dungeon, and saw 4 of its levels.

You collected 95 gold pieces.

Inventory:

Hand Weapons
 a - a +1 hand crossbow
 b - a +0 short sword (weapon)
Missiles
 d - 6 bolts
Armour
 c - a +0 leather armour (worn)
 h - a +0 kite shield (worn)
Scrolls
 e - 5 scrolls of identify {unknown}
 i - 2 scrolls of fear {unknown}
 j - a scroll of enchant weapon {unknown}
 k - a scroll of teleportation {unknown}
 l - a scroll of random uselessness {unknown}
 o - a scroll of blinking {unknown}
 q - a scroll of magic mapping {unknown}
 r - a scroll of enchant armour {unknown}
Potions
 m - 2 potions of degeneration {unknown}
 n - 2 potions of heal wounds {unknown}
 p - 2 potions of curing {unknown}
 s - a potion of haste {unknown}
Comestibles
 f - 7 rations
 g - 4 chunks of flesh


   Skills:
 * Level 3.3 Fighting
 + Level 6.0 Crossbows
 * Level 2.2 Armour
 + Level 2.4 Dodging
 + Level 0.9 Stealth
 * Level 1.9 Shields


You had 4 spell levels left.
You didn't know any spells.
Your spell library was empty.

Dungeon Overview and Level Annotations

Branches:
Dungeon (4/15)
 Temple: D:4-7

Altars:
Qazlal


Innate Abilities, Weirdness & Mutations

You reflexively headbutt those who attack you in melee.
You have a pair of horns on your head.


Message History

The iguana is moderately wounded.
The iguana bites you!
* * * LOW HITPOINT WARNING * * *
You hit the iguana but do no damage.
The iguana is moderately wounded.
The iguana misses you.
You hit the iguana.
The iguana is heavily wounded.
You block the iguana's attack.
You barely miss the iguana. Your headbutt misses the iguana.
The iguana is heavily wounded.
The iguana bites you.
* * * LOW HITPOINT WARNING * * *
The iguana bites you.
* * * LOW HITPOINT WARNING * * *
Okay, then.
You hit the iguana but do no damage.
The iguana is heavily wounded.
The iguana bites you!
You die...

##.......#
#.♣#####♣.#
#÷# ... #.#
♣.♣ #
#.#..>..#
#.#.♣.♣.#
#.##...#
#.♣##.##♣.#
##.@l....#
#########


You could see an iguana.

Vanquished Creatures
  A scorpion (D:2)
  An iguana (D:4)
  A worker ant (D:4)
  2 adders (D:2)
  A worm (D:2)
  3 dart slugs
  A leopard gecko (D:2)
  A ball python (D:2)
  4 giant cockroaches
  5 goblins
  4 hobgoblins
  6 jackals
  7 kobolds
  A quokka (D:2)
  3 bats
  A frilled lizard (D:2)
  8 rats
50 creatures vanquished.

Notes
Turn   | Place    | Note
-------+----------+-------------------------------------------
     0 | D:1      | Elvor the Minotaur Hunter began the quest for the Orb.
     0 | D:1      | Reached XP level 1. HP: 18/18 MP: 0/0
   112 | D:1      | Reached XP level 2. HP: 19/25 MP: 1/1
   353 | D:1      | Reached skill level 5 in Crossbows
   920 | D:2      | Reached XP level 3. HP: 30/30 MP: 2/2
   962 | D:2      | Noticed a scorpion
   964 | D:2      | Killed a scorpion
   964 | D:2      | Reached skill level 1 in Armour
   964 | D:2      | Reached skill level 1 in Shields
   964 | D:2      | Reached XP level 4. HP: 38/38 MP: 3/3
  1079 | D:2      | Found a stormy altar of Qazlal.
  1663 | D:3      | You fall into a shaft and drop 1 floor!
  1677 | D:4      | Reached XP level 5. HP: 45/45 MP: 4/4
  1689 | D:4      | Reached skill level 6 in Crossbows
  1719 | D:4      | Mangled by an iguana

Illustrated notes

Levels and vault maps discovered:
D:1:      dpeg_arrival_rooms_a, layout_loops_corners,
          minmay_misc_feat_four_crosses, minmay_tetromino_o4
D:2:      layout_loops_ring, grunt_qazlal_clouds
D:3:      layout_loops_ring, hangedman_decor_opposing, minivault_14,
          minmay_misc_feat_ornament, minmay_fountain_box, uniq_terence
D:4:      layout_loops_ring, first_ration, gup_sewer_entry_bowl,
          grunt_ministairs_11

Skill      XL: |  1  2  3  4  5 |
---------------+----------------+-----
Crossbows      | 5 6 |  6.0
Fighting       | 3 |  3.3
Armour         | 1 2 |  2.2
Shields        | 1 |  1.9
Dodging        | |  2.4
Stealth        | |  0.9

Action                   |  1- 3 |  4- 6 || total
-------------------------+-------+-------++-------
Melee: Short sword       |       |    26 ||    26
       Headbutt          |       |     4 ||     4
 Fire: Hand crossbow     |    54 |    45 ||    99
  Eat: Chunk             |       |     2 ||     2
Armor: Leather armour    |     4 |     7 ||    11
Dodge: Dodged            |     8 |    13 ||    21
Block: Kite shield       |     1 |    15 ||    16
